 Dungeon Crawl Stone Soup version 0.26.0-16-gc1dbca0489 (webtiles) character file.

Game seed: 15641172291041461142

3163 Eitelfritz the Carver (level 9, 0/78 HPs)
             Began as a Minotaur Gladiator on Jan 19, 2021.
             Was a Believer of Okawaru.
             Slain by a brown ugly thing (11 damage)
             ... on level 8 of the Dungeon.
             The game lasted 00:19:40 (8623 turns).

Eitelfritz the Carver (Minotaur Gladiator)          Turns: 8623, Time: 00:19:41

Health: 0/78       AC:  3    Str: 19    XL:     9   Next: 63%
Magic:  8/8        EV: 15    Int:  8    God:    Okawaru [**....]
Gold:   497        SH:  0    Dex: 18    Spells: 8/8 levels left

rFire    . . .     SeeInvis .   a - +1 long sword
rCold    . . .     Faith    .   (no shield)
rNeg     . . .     Spirit   .   H - +0 acid dragon scales
rPois    .         Reflect  .   c - +2 hat
rElec    .         Harm     .   h - +0 cloak
rCorr    +         Rampage  .   (no gloves)
Will     .....                  (no boots)
Stlth    ++........             (no amulet)
HPRegen  0.23/turn              r - +6 ring of dexterity
MPRegen  0.11/turn              J - ring of flight

@: corroded, hasted, very quick
A: retaliatory headbutt, horns 2
a: Renounce Religion, Evoke Flight, Heroism


You were on level 8 of the Dungeon.
You worshipped Okawaru.
Okawaru was pleased with you.
You visited 2 branches of the dungeon, and saw 9 of its levels.
You also visited: Sewer.

You collected 497 gold pieces.

Inventory:

Hand Weapons
 a - a +1 long sword (weapon)
 u - a +1 hand crossbow of flaming
 x - a +0 shortbow
 I - a +2 mace
Missiles
 b - 5 silver boomerangs
 d - 4 throwing nets
 n - 19 poisoned darts
 s - 14 boomerangs (quivered)
 v - 20 bolts
 B - 88 arrows
Armour
 c - a +2 hat (worn)
 h - a +0 cloak (worn)
 G - a +0 plate armour
 H - +0 acid dragon scales (worn)
Jewellery
 r - a +6 ring of dexterity (left hand)
 J - a ring of flight (right hand)
Wands
 j - a wand of random effects (15)
 q - a wand of flame (21)
 t - a wand of acid (6)
 F - a wand of paralysis (12)
Scrolls
 f - 4 scrolls of identify
 k - 4 scrolls of teleportation
 y - 2 scrolls of amnesia
 C - a scroll of fear
 D - a scroll of remove curse
 E - a scroll of enchant weapon
Potions
 g - 2 potions of brilliance {unknown}
 i - 2 potions of invisibility
 l - 3 potions of flight {unknown}
 m - 7 potions of curing
 o - 4 potions of heal wounds {unknown}
 p - 4 potions of lignification
 w - a potion of magic {unknown}
 z - 2 potions of might {unknown}
 A - a potion of attraction {unknown}


   Skills:
 + Level 6.9 Fighting
 + Level 11.0 Long Blades
 + Level 2.2 Throwing
 + Level 8.2 Armour
 + Level 5.2 Dodging
 + Level 1.4 Stealth
 + Level 2.1 Unarmed Combat
 * Level 1.7 Evocations


You had 8 spell levels left.
You didn't know any spells.
Your spell library contained the following spells:

 Spells                   Type           Power        Failure   Level
 Shock                    Conj/Air       0%           50%         1
 Swiftness                Air            0%           63%         2
 Static Discharge         Conj/Air       0%           86%         3
 Airstrike                Air            0%           99%         4
 Lightning Bolt           Conj/Air       0%           100%        5


Dungeon Overview and Level Annotations

Branches:
Dungeon (8/15)             Temple (1/1) D:6           Sewer (visited)
   Lair: D:8-11

Altars:
Ashenzari
Cheibriados
Dithmenos
Elyvilon
Fedhas
Gozag
Hepliaklqana
Kikubaaqudgha
Makhleb
Nemelex Xobeh
Okawaru
Ru
Sif Muna
Trog
Uskayaw
Vehumet
Wu Jian
Xom
Yredelemnul
Zin
The Shining One

Shops:
D:7 [


Innate Abilities, Weirdness & Mutations

You reflexively headbutt those who attack you in melee.
You have a pair of horns on your head.


Message History

You closely miss the brown ugly thing.
The brown ugly thing is heavily wounded.
The brown ugly thing pecks you!
You are splashed with acid.
You resist.
You closely miss the brown ugly thing.
You headbutt the brown ugly thing, but do no damage.
The brown ugly thing is moderately wounded.
The brown ugly thing pecks you.
You are splashed with acid.
You resist.
You hit the brown ugly thing.
Your headbutt misses the brown ugly thing.
The brown ugly thing is heavily wounded.
The brown ugly thing pecks you.
You are splashed with acid.
You resist.
* * * LOW HITPOINT WARNING * * *
You closely miss the brown ugly thing. You headbutt the brown ugly thing!
The brown ugly thing is heavily wounded.
The brown ugly thing pecks you.
* * * LOW HITPOINT WARNING * * *
The acid corrodes you!
You are splashed with acid.
You resist.
* * * LOW HITPOINT WARNING * * *
You feel yourself speed up. The brown ugly thing pecks you!
You die...

......................<#
.......#####...........#
......## #####.......### #+#####
##'#####..# ####+####
#'........# #.......#
##........# .
#.⌠...⌠.##+########'#########
..##..⌠....##.888#.............#
..K(...⌠...#8{yu@'.............#
..##..).⌠..##.888#.....<.......#
. #.{...⌠.##K####.............#
#.......#...# ##.....########
####'####..## +.....# #....'.#.#
#.....# ##...##### #.....# #####
##....# #....+


You could see a brown ugly thing, a hornet and a big kobold.

Vanquished Creatures
  Harold (D:6)
  Maggie (D:7)
  An ice beast (D:8)
  2 sky beasts
  A phantom (D:4)
  A necrophage (D:8)
  2 ogres
  3 centaurs
  2 big kobolds
  5 wights (D:7)
  An electric eel (D:6)
  A howler monkey (D:5)
  A bullfrog zombie (D:5)
  A quasit (D:7)
  2 hounds
  2 orc priests (D:7)
  A centaur skeleton (D:4)
  5 orc wizards
  2 iguanas
  Natasha (twice) (D:4)
  4 worker ants
  2 hound skeletons
  11 adders
  A shadow imp (D:5)
  4 ufetubi
  3 oozes
  3 worms (Sewer)
  3 dart slugs
  5 leopard geckos
  26 orcs
  3 ball pythons
  3 giant cockroaches
  10 goblins
  8 hobgoblins
  8 jackals
  3 quokkas
  10 bats
  6 frilled lizards
  A jackal skeleton (D:6)
  14 kobolds
  A leopard gecko skeleton (D:7)
  5 rats
171 creatures vanquished.

Vanquished Creatures (others)
  25 plants (D:8)
25 creatures vanquished.

Grand Total: 196 creatures vanquished

Notes
Turn   | Place    | Note
-------+----------+-------------------------------------------
     0 | D:1      | Eitelfritz the Minotaur Gladiator began the quest for the
                  | Orb.
     0 | D:1      | Reached XP level 1. HP: 18/18 MP: 0/0
   192 | D:1      | Reached XP level 2. HP: 25/25 MP: 1/1
   249 | D:1      | Reached skill level 4 in Long Blades
   681 | D:1      | Reached XP level 3. HP: 29/30 MP: 2/2
  1321 | D:2      | Reached skill level 1 in Unarmed Combat
  1779 | D:3      | Reached skill level 1 in Armour
  1780 | D:3      | Reached XP level 4. HP: 24/37 MP: 3/3
  2445 | D:3      | Reached XP level 5. HP: 41/45 MP: 4/4
  2657 | D:3      | Reached skill level 5 in Long Blades
  3257 | D:4      | Noticed an ogre
  3261 | D:4      | Killed an ogre
  3262 | D:4      | Reached skill level 6 in Long Blades
  3262 | D:4      | Reached XP level 6. HP: 52/52 MP: 5/5
  3440 | D:4      | Noticed Natasha
  3450 | D:4      | Killed Natasha
  3485 | D:4      | Reached skill level 7 in Long Blades
  3548 | D:4      | Noticed Natasha
  3553 | D:4      | Killed Natasha
  3554 | D:4      | Reached XP level 7. HP: 50/59 MP: 6/6
  4109 | D:5      | Entered Level 5 of the Dungeon
  4313 | D:5      | Found a glowing drain.
  4327 | Sewer    | Entered a sewer
  4552 | Sewer    | Reached skill level 8 in Long Blades
  5672 | D:6      | Found a sacrificial altar of Ru.
  5734 | D:6      | Reached skill level 5 in Armour
  5734 | D:6      | Reached XP level 8. HP: 47/67 MP: 7/7
  5869 | D:6      | Found a staircase to the Ecumenical Temple.
  6238 | D:6      | Reached skill level 1 in Stealth
  6585 | Temple   | Entered the Ecumenical Temple
  6781 | Temple   | Became a worshipper of Warmaster Okawaru
  6805 | D:7      | Noticed Harold
  7232 | D:6      | Killed Harold
  7232 | D:6      | Reached * piety under Okawaru
  7233 | D:6      | Reached skill level 5 in Fighting
  7233 | D:6      | Reached skill level 9 in Long Blades
  7302 | D:7      | Reached XP level 9. HP: 52/75 MP: 8/8
  7604 | D:7      | Noticed Maggie
  7616 | D:7      | Reached skill level 10 in Long Blades
  7627 | D:7      | Killed Maggie
  7628 | D:7      | Reached skill level 5 in Dodging
  7917 | D:7      | Found a snail-covered altar of Cheibriados.
  7917 | D:7      | Found Cheibriados's Comfort Zone.
  8381 | D:8      | Found a bloodstained altar of Trog.
  8399 | D:8      | Reached ** piety under Okawaru
  8543 | D:8      | Reached skill level 1 in Evocations
  8564 | D:8      | Reached skill level 11 in Long Blades
  8595 | D:8      | Noticed a brown ugly thing
  8595 | D:8      | Noticed a death knight
  8623 | D:8      | Slain by a brown ugly thing

Illustrated notes

Levels and vault maps discovered:
D:1:      nicolae_arrival_somewhat_less_tricky_arrival, layout_basic
D:2:      kennysheep_the_goblin_king, layout_basic, st_stairs_10
D:3:      layout_basic, minmay_tree_intersection
D:4:      layout_loops_cross, chequers_serial_rivers_large_b, uniq_natasha
D:5:      layout_basic, portal_sewer_entry_d, minmay_misc_feat_rows
D:6:      layout_loops_ring, minmay_temple_entry_glass, kennysheep_nub,
          minivault_14, nicolae_ru_path_of_blood
D:7:      layout_basic, minmay_shop_chei, uniq_harold, uniq_maggie
D:8:      minmay_chambers_of_sevens, layout_gridville, david_lair_shrubbed,
          trog_three_pillars_becter
Temple:   minmay_crystal_snake_temple

Skill      XL: |  1  2  3  4  5  6  7  8  9 |
---------------+----------------------------+-----
Long Blades    | 4 6 7 8 9 11 | 11.0
Unarmed Combat | 1 2 |  2.1
Armour         | 1 2 5 7 8 |  8.2
Fighting       | 3 4 5 6 |  6.9
Dodging        | 4 5 |  5.2
Stealth        | 1 |  1.4
Evocations     | 1 |  1.7
Throwing       | |  2.2

Action                   |  1- 3 |  4- 6 |  7- 9 || total
-------------------------+-------+-------+-------++-------
Melee: Long sword        |    68 |   100 |   271 ||   439
       Headbutt          |    17 |    23 |    55 ||    95
       Punch             |       |       |     3 ||     3
Throw: Boomerang         |       |     1 |       ||     1
Invok: Heroism           |       |       |     2 ||     2
  Use: Scroll            |       |     9 |     5 ||    14
       Potion            |       |       |     2 ||     2
Armor: Leather armour    |    18 |    11 |       ||    29
       Scale mail        |       |    20 |    96 ||   116
       Acid dragon scale |       |       |    21 ||    21
Dodge: Dodged            |    56 |    66 |   157 ||   279
       Rpst.: Long sword |    18 |    19 |    32 ||    69
